[Event "Titled Tuesday Blitz July 25 Early 2023"]
[White "Estrada Nieto, Julian"]
[Black "SoyuzTM4"]
[WhiteFideId "5101018"]
[WhiteElo "2450"]
[BlackElo "2195"]
[Result "1-0"]
[Round "5"]
[TimeControl "180+2"]
[Date "2023.07.25"]
[WhiteClock "0:00:53"]
[BlackClock "0:00:00"]
[Board "171"]

1. e4 c5 2. Nf3 e6 3. c3 d6 4. d4 Be7 5. Bd3 Nf6 6. O-O Nc6 7. Qe2 cxd4 8. cxd4 O-O 9. Nc3 e5 10. d5 Nb8 11. Nd2 Nbd7 12. Nc4 Nc5 13. Be3 a6 14. a4 Nb3 15. Ra3 Nd4 16. Qd1 Bg4 17. f3 Bd7 18. Ne2 b5 19. axb5 axb5 20. Rxa8 Qxa8 21. Nb6 Nxe2+ 22. Qxe2 Qb7 23. Nxd7 Nxd7 24. Bxb5 Nc5 25. Bc6 Qb3 26. Ra1 Rb8 27. Ra3 Qxb2 28. Qxb2 Rxb2 29. Ra8+ Bf8 30. Bxc5 dxc5 31. d6 1-0


[Site "https://www.chess.com"]

[Event "Titled Tuesday Blitz July 25 Early 2023"]
[White "Rosh Jain"]
[Black "Gyulamiryan-koryun"]
[WhiteFideId "25789465"]
[WhiteElo "2434"]
[BlackElo "2061"]
[Result "1-0"]
[Round "5"]
[TimeControl "180+2"]
[Date "2023.07.25"]
[WhiteClock "0:00:22"]
[BlackClock "0:00:00"]
[Board "172"]

1. e4 c5 2. Nc3 Nc6 3. f4 e6 4. Nf3 d5 5. Bb5 d4 6. Ne2 Nf6 7. d3 Qa5+ 8. Bd2 Qxb5 9. b3 Be7 10. O-O a5 11. a4 Qb6 12. Qe1 Nb4 13. Rc1 Bd7 14. Qg3 g6 15. Ne5 Nc6 16. Nc4 Qc7 17. Qf3 h5 18. h3 O-O-O 19. Qf2 h4 20. Qe1 b6 21. Na3 Nb4 22. Nb5 Bxb5 23. axb5 Nh5 24. Qf2 f5 25. e5 Rdg8 26. Bxb4 axb4 27. Ra1 Qb7 28. Ra6 Kc7 29. Rfa1 Ra8 30. Qe1 Rxa6 31. Rxa6 Ra8 32. Qa1 Rxa6 33. bxa6 Qa8 34. Qa4 g5 35. a7 g4 36. Kf2 gxh3 37. gxh3 Ng3 38. Nxg3 hxg3+ 39. Kxg3 Qg8+ 40. Kh2 Qa8 41. Kg3 Bd8 42. h4 Kb7 43. Qd7+ Bc7 44. Qxe6 Qxa7 45. Qxf5 Qa2 46. Qe4+ Kb8 47. Qe2 Qb1 48. Kg2 Qc1 49. Qf2 Qb1 50. h5 Qc1 51. h6 Qd1 52. Qf3 Qe1 53. h7 1-0


[Site "https://www.chess.com"]

[Event "Titled Tuesday Blitz July 25 Early 2023"]
[White "Kayis, Gulcan Sena"]
[Black "Rodchenkov, Sergey D."]
[WhiteFideId "34553045"]
[BlackFideId "4168712"]
[WhiteElo "2117"]
[BlackElo "2558"]
[Result "1-0"]
[Round "5"]
[TimeControl "180+2"]
[Date "2023.07.25"]
[WhiteClock "0:00:32"]
[BlackClock "0:00:24"]
[Board "173"]

1. e4 c5 2. c3 Nf6 3. e5 Nd5 4. Nf3 d6 5. d4 cxd4 6. cxd4 Nc6 7. Bc4 Nb6 8. Bb5 dxe5 9. Nxe5 Bd7 10. Nxd7 Qxd7 11. Nc3 e6 12. O-O Rd8 13. Qf3 Be7 14. Qg4 O-O 15. Rd1 Bf6 16. Ne4 Bxd4 17. Nf6+ Bxf6 18. Rxd7 Rxd7 19. Be3 Rfd8 20. h3 Nd5 21. Bc5 Ne5 22. Qe2 Rc7 23. Ba3 Nf4 24. Qe4 Rd4 25. Qe1 Nxh3+ 26. Kh1 Ng5 27. Be2 g6 28. Rc1 Rcd7 29. Bc5 Re4 30. f3 Nd3 31. fxe4 Nxe1 32. Rxe1 Nxe4 33. Bxa7 Ng3+ 34. Kg1 Nxe2+ 35. Rxe2 Bd4+ 36. Bxd4 Rxd4 37. Kf2 Kg7 38. Ke3 Rd5 39. Rc2 g5 40. b4 Rb5 41. Rc4 Kg6 42. a4 Rd5 43. Rc7 b6 44. Rc6 b5 45. a5 Rd1 46. Rc5 h5 47. Rxb5 h4 48. a6 Ra1 49. Ra5 Rb1 50. a7 Rb3+ 51. Kd4 Rxb4+ 52. Kc5 Rf4 53. a8=Q f6 54. Qe8+ Kf5 55. Kd6+ Kg4 56. Qxe6+ f5 57. Qe2+ Kg3 58. Ra3+ Kh2 59. g4+ Kg1 60. Ra1+ Rf1 61. Rxf1# 1-0


[Site "https://www.chess.com"]

[Event "Titled Tuesday Blitz July 25 Early 2023"]
[White "Peiris, T G M"]
[Black "Shishkov, Andrei"]
[WhiteFideId "9901310"]
[BlackFideId "4500563"]
[WhiteElo "2334"]
[BlackElo "2531"]
[Result "1-0"]
[Round "5"]
[TimeControl "180+2"]
[Date "2023.07.25"]
[WhiteClock "0:00:17"]
[BlackClock "0:00:07"]
[Board "174"]

1. e4 c6 2. c4 d5 3. cxd5 cxd5 4. exd5 Nf6 5. d4 Nxd5 6. Nf3 e6 7. Bd3 Bd6 8. O-O b6 9. Nc3 Nxc3 10. bxc3 Bb7 11. Re1 Nd7 12. Be4 Bxe4 13. Rxe4 Nf6 14. Re1 O-O 15. Bg5 Rc8 16. Rc1 Be7 17. Ne5 Qc7 18. Qf3 Nd5 19. Bxe7 Nxe7 20. c4 Ng6 21. h3 Rfd8 22. Nxg6 hxg6 23. Red1 Qc6 24. Qa3 Rc7 25. d5 Qc5 26. Qb2 Rcd7 27. Qe2 exd5 28. cxd5 Qa5 29. d6 Qa3 30. Rc6 Rxd6 31. Rdxd6 Rxd6 32. Qe8+ Kh7 33. Rc8 Rd1+ 34. Kh2 Qd6+ 35. g3 g5 36. Qxf7 Qd5 37. Qh5# 1-0


[Site "https://www.chess.com"]

[Event "Titled Tuesday Blitz July 25 Early 2023"]
[White "Goffredo_Fofi"]
[Black "Vujacic, Igor"]
[BlackFideId "932620"]
[WhiteElo "2518"]
[BlackElo "2329"]
[Result "0-1"]
[Round "5"]
[TimeControl "180+2"]
[Date "2023.07.25"]
[WhiteClock "0:00:02"]
[BlackClock "0:00:05"]
[Board "175"]

1. d4 d5 2. Nf3 e6 3. Bf4 c5 4. e3 Nc6 5. c3 Bd6 6. Bg3 Nge7 7. Nbd2 O-O 8. dxc5 Bxc5 9. e4 Bb6 10. Bd3 dxe4 11. Nxe4 Ng6 12. Nfg5 h6 13. h4 Nge5 14. Bc2 Qxd1+ 15. Rxd1 hxg5 16. hxg5 f5 17. Bxe5 Nxe5 18. Nd6 g6 19. Bb3 Kg7 20. Ke2 Bd7 21. f4 Ng4 22. Nxb7 Bc6 23. Nd6 Nf2 24. Bxe6 Rae8 25. Nxe8+ Rxe8 26. Kf1 Nxd1 27. Bb3 Ne3+ 28. Kg1 Bxg2 29. Kh2 Bxh1 0-1


[Site "https://www.chess.com"]

[Event "Titled Tuesday Blitz July 25 Early 2023"]
[White "Buscar, Michael"]
[Black "Gulamali, Kazim"]
[WhiteFideId "2603616"]
[BlackFideId "2024764"]
[WhiteElo "2326"]
[BlackElo "2516"]
[Result "1-0"]
[Round "5"]
[TimeControl "180+2"]
[Date "2023.07.25"]
[WhiteClock "0:00:34"]
[BlackClock "0:00:00"]
[Board "176"]

1. d4 Nf6 2. c4 e6 3. Nc3 d5 4. Nf3 a6 5. cxd5 exd5 6. Bg5 Be6 7. e3 Nbd7 8. Bd3 Bd6 9. O-O h6 10. Bh4 O-O 11. Rc1 c6 12. Bb1 Re8 13. Qd3 Be7 14. Ne5 Nf8 15. Ne2 Ne4 16. Bxe7 Qxe7 17. Nf4 Bf5 18. Qe2 f6 19. Ned3 Nd6 20. Qh5 g5 21. Ne2 Kg7 22. Ng3 Bg6 23. Qf3 f5 24. Ne5 Qf6 25. Nh5+ Bxh5 26. Qxh5 Rxe5 27. dxe5 Qxe5 28. b3 Re8 29. Rcd1 Ng6 30. Rd4 Nb5 31. Rd2 Nc3 32. Qf3 Nh4 33. Qg3 1-0


[Site "https://www.chess.com"]

[Event "Titled Tuesday Blitz July 25 Early 2023"]
[White "Schlecht, Daniel, Dr."]
[Black "Prydun, Andriy"]
[WhiteFideId "4623959"]
[BlackFideId "14145898"]
[WhiteElo "2480"]
[BlackElo "2323"]
[Result "1-0"]
[Round "5"]
[TimeControl "180+2"]
[Date "2023.07.25"]
[WhiteClock "0:00:14"]
[BlackClock "0:00:00"]
[Board "177"]

1. d4 Nf6 2. Nf3 e6 3. Bf4 c5 4. e3 Nd5 5. Bg3 Qb6 6. Qc1 cxd4 7. exd4 Nc6 8. c3 d6 9. Bd3 Bd7 10. O-O O-O-O 11. a4 Be7 12. b4 f5 13. a5 Qc7 14. Na3 g5 15. h4 f4 16. Bh2 g4 17. Ne1 Bxh4 18. Bxf4 Rhg8 19. Nb5 Nxf4 20. Nxc7 Bg5 21. Qc2 Kxc7 22. b5 Ne7 23. b6+ Kb8 24. bxa7+ Ka8 25. a6 b6 26. Qb2 Bc6 27. Qxb6 Nh3+ 28. Kh2 Nxf2 29. Bb5 g3+ 30. Kg1 Be4 31. Nf3 Be3 32. Rfe1 Nf5 33. Bc6+ 1-0


[Site "https://www.chess.com"]

[Event "Titled Tuesday Blitz July 25 Early 2023"]
[White "Karamsetty, Jeevan"]
[Black "SicilianPanzer"]
[WhiteFideId "2025337"]
[WhiteElo "2480"]
[BlackElo "2317"]
[Result "1-0"]
[Round "5"]
[TimeControl "180+2"]
[Date "2023.07.25"]
[WhiteClock "0:00:47"]
[BlackClock "0:00:00"]
[Board "178"]

1. e4 c5 2. Nf3 Nc6 3. Bb5 d6 4. c3 Nf6 5. Qe2 Bd7 6. O-O a6 7. Bxc6 Bxc6 8. d3 g6 9. Re1 e5 10. Na3 Bg7 11. Nc2 O-O 12. h3 Re8 13. Be3 b5 14. Rad1 h6 15. b3 Qe7 16. Nh2 Kh7 17. Ng4 Nh5 18. Nh2 Qh4 19. Qf3 f5 20. Bc1 Rf8 21. Qe2 Nf4 22. Bxf4 Qxf4 23. f3 d5 24. exd5 Bxd5 25. Qf2 Rac8 26. h4 h5 27. Ne3 Bb7 28. Nef1 e4 29. dxe4 fxe4 30. Rd7 Rf7 31. Red1 Rcf8 32. g3 1-0


[Site "https://www.chess.com"]

[Event "Titled Tuesday Blitz July 25 Early 2023"]
[White "luksona14"]
[Black "Grekh, Andrey"]
[BlackFideId "14112418"]
[WhiteElo "2480"]
[BlackElo "2316"]
[Result "1-0"]
[Round "5"]
[TimeControl "180+2"]
[Date "2023.07.25"]
[WhiteClock "0:01:37"]
[BlackClock "0:00:01"]
[Board "179"]

1. d4 d5 2. Nf3 e6 3. Bf4 Bd6 4. Bg3 Nf6 5. e3 Bxg3 6. hxg3 b6 7. Bd3 Ba6 8. c3 Bxd3 9. Qxd3 Qd6 10. Nbd2 Nbd7 11. O-O-O O-O-O 12. Kb1 Kb8 13. e4 dxe4 14. Nxe4 Nxe4 15. Qxe4 Qd5 16. Qxd5 exd5 17. Rde1 Nf6 18. Ne5 Rdf8 19. f3 Kb7 20. g4 h6 21. Kc2 c6 22. Kd3 Kc7 23. Rh2 Re8 24. Rhh1 Re7 25. Re2 Rhe8 26. Rhe1 c5 27. Nxf7 Rxf7 28. Rxe8 Nxe8 29. Rxe8 Kd7 30. Re5 Kd6 31. Rf5 Re7 32. Kd2 c4 33. g5 h5 34. g6 Re6 35. Rxh5 Rxg6 36. g4 Rf6 37. Ke3 Re6+ 38. Kf2 g6 39. Rh7 Rf6 40. Rxa7 Re6 41. Rb7 Kc6 42. Rf7 b5 43. g5 1-0


[Site "https://www.chess.com"]

[Event "Titled Tuesday Blitz July 25 Early 2023"]
[White "Wimalasuriya, Kasun M."]
[Black "Luukkonen, Tommi"]
[WhiteFideId "9906789"]
[BlackFideId "501808"]
[WhiteElo "2309"]
[BlackElo "2463"]
[Result "1/2-1/2"]
[Round "5"]
[TimeControl "180+2"]
[Date "2023.07.25"]
[WhiteClock "0:00:58"]
[BlackClock "0:00:40"]
[Board "180"]

1. d4 Nf6 2. c4 g6 3. Nf3 Bg7 4. g3 d6 5. Bg2 O-O 6. O-O Nc6 7. Nc3 e5 8. h3 exd4 9. Nxd4 Nxd4 10. Qxd4 Re8 11. Qd1 Be6 12. Nd5 Nd7 13. e4 c6 14. Ne3 Ne5 15. Qc2 Qb6 16. Rd1 Qc5 17. b3 b5 18. cxb5 Nf3+ 19. Bxf3 Bxa1 20. Qxc5 dxc5 21. bxc6 Rac8 22. e5 Bxe5 23. Ng4 Bd4 24. Be3 Bxg4 25. Bxg4 Rxc6 26. Bxd4 cxd4 27. Bd7 Rec8 28. Bxc8 Rxc8 29. Rxd4 Kf8 30. Rd7 a5 31. Ra7 Rc5 32. Kg2 h5 33. h4 Kg7 34. Kf3 Kf6 35. Ke4 Ke6 36. f3 Rb5 37. Kd4 g5 38. hxg5 Rxg5 39. Ke4 Re5+ 40. Kf4 Rf5+ 41. Ke3 Re5+ 42. Kf2 Rc5 43. Ra6+ Ke5 44. Rh6 Kd4 45. g4 hxg4 46. fxg4 Rc2+ 47. Kg3 Rxa2 48. Rb6 Rb2 49. Kf4 a4 50. Rb7 Rxb3 51. Rxf7 a3 52. Ra7 Kc3 53. g5 Rb4+ 54. Kf5 Kb3 55. Rxa3+ Kxa3 56. g6 Rb6 57. g7 Rb8 1/2-1/2


[Site "https://www.chess.com"]

[Event "Titled Tuesday Blitz July 25 Early 2023"]
[White "Heinemann, Josefine"]
[Black "Cooper, Aaron"]
[WhiteFideId "12900460"]
[BlackFideId "2634945"]
[WhiteElo "2458"]
[BlackElo "2299"]
[Result "1-0"]
[Round "5"]
[TimeControl "180+2"]
[Date "2023.07.25"]
[WhiteClock "0:00:17"]
[BlackClock "0:00:00"]
[Board "182"]

1. e4 d5 2. exd5 Qxd5 3. Nc3 Qd6 4. d4 Nf6 5. Nf3 a6 6. g3 Bf5 7. Bg2 Nc6 8. O-O O-O-O 9. Bf4 Qd7 10. Qe2 Bg4 11. Rfd1 e6 12. h3 Bxf3 13. Qxf3 Nd5 14. Nxd5 Qxd5 15. Qe2 Nxd4 16. Qf1 Qc5 17. c3 Nc6 18. Be3 Rxd1 19. Rxd1 Qb5 20. Qe1 Bc5 21. Bc1 Qb6 22. b4 Be7 23. a4 Nb8 24. Qe4 f5 25. Qe2 Rd8 26. Rxd8+ Bxd8 27. Bf4 Nd7 28. a5 Qa7 29. Qxe6 c5 30. Be3 Qb8 31. Qxf5 Qc7 32. h4 cxb4 33. cxb4 Be7 34. Bh3 1-0


[Site "https://www.chess.com"]

[Event "Titled Tuesday Blitz July 25 Early 2023"]
[White "laimis61"]
[Black "Chitlange Sakshi"]
[BlackFideId "35002899"]
[WhiteElo "2286"]
[BlackElo "2458"]
[Result "0-1"]
[Round "5"]
[TimeControl "180+2"]
[Date "2023.07.25"]
[WhiteClock "0:01:55"]
[BlackClock "0:01:42"]
[Board "183"]

1. e4 c6 2. d4 d5 3. exd5 cxd5 4. Bd3 Nc6 5. c3 Qc7 6. Na3 a6 7. Nc2 Nf6 8. h3 g6 9. Nf3 Bg7 10. O-O Bf5 11. Re1 O-O 12. Be3 b5 13. Bxf5 gxf5 14. Qc1 Ne4 15. Bf4 Qd7 16. Bh6 Qd6 17. Bxg7 Kxg7 18. Nd2 Kh8 19. f3 Ng5 20. Nc4 Nxf3+ 21. gxf3 Qg3+ 22. Kh1 Qxh3+ 23. Kg1 Rg8+ 24. Kf2 Rg2+ 25. Ke3 Qh6+ 26. Kd3 bxc4# 0-1


[Site "https://www.chess.com"]

[Event "Titled Tuesday Blitz July 25 Early 2023"]
[White "Ladan, Nicholas"]
[Black "AndresDelgado77"]
[WhiteFideId "30918855"]
[WhiteElo "2456"]
[BlackElo "2287"]
[Result "1-0"]
[Round "5"]
[TimeControl "180+2"]
[Date "2023.07.25"]
[WhiteClock "0:01:09"]
[BlackClock "0:00:00"]
[Board "184"]

1. b3 Nf6 2. Bb2 d5 3. e3 Bf5 4. f4 e6 5. Nf3 Nbd7 6. Bd3 Bd6 7. O-O O-O 8. Qe2 c6 9. Ne5 Qc7 10. Nxd7 Nxd7 11. Rf3 Bg4 12. Rg3 f5 13. h3 e5 14. hxg4 exf4 15. exf4 Bxf4 16. Qe6+ Rf7 17. Rh3 Nc5 18. Qe2 Re7 19. Qf1 Nxd3 20. cxd3 1-0


[Site "https://www.chess.com"]

[Event "Titled Tuesday Blitz July 25 Early 2023"]
[White "Herzog2012"]
[Black "Romero Arzuaga, Yudel"]
[BlackFideId "3521010"]
[WhiteElo "2447"]
[BlackElo "2285"]
[Result "0-1"]
[Round "5"]
[TimeControl "180+2"]
[Date "2023.07.25"]
[WhiteClock "0:00:01"]
[BlackClock "0:00:32"]
[Board "185"]

1. e4 d5 2. exd5 Qxd5 3. Nc3 Qd8 4. d4 c6 5. Nf3 Bg4 6. h3 Bxf3 7. Qxf3 e6 8. Bf4 Nf6 9. O-O-O Bb4 10. Ne4 Nxe4 11. Qxe4 Bd6 12. Be3 Nd7 13. g4 h6 14. c4 Qc7 15. Kb1 Qa5 16. Bg2 Nf6 17. Qc2 O-O-O 18. d5 exd5 19. cxd5 c5 20. Bd2 Qc7 21. Rhe1 Rhe8 22. g5 hxg5 23. Bxg5 Kb8 24. Qf5 Rxe1 25. Rxe1 Qa5 26. Rd1 Qa4 27. b3 Qb5 28. Bf1 Qb6 29. Bxf6 gxf6 30. Qxf6 Qc7 31. Be2 Be5 32. Qf5 f6 33. h4 Qa5 34. Qc2 Qb4 35. Qc4 Qa3 36. Qc2 Qb4 37. Qc4 Qa3 38. Qc2 Qa5 39. h5 Qc7 40. h6 Rh8 41. Rh1 Bf4 42. h7 Be5 43. Qg6 Qd8 44. Bc4 a6 45. Rg1 Ka7 46. Qg8 Qa5 47. Qxh8 Qc3 48. Qxf6 Qb2# 0-1


[Site "https://www.chess.com"]

[Event "Titled Tuesday Blitz July 25 Early 2023"]
[White "Ljukin, Sergei"]
[Black "Barwinska, Ewa"]
[WhiteFideId "14102200"]
[BlackFideId "21833761"]
[WhiteElo "2446"]
[BlackElo "2280"]
[Result "1-0"]
[Round "5"]
[TimeControl "180+2"]
[Date "2023.07.25"]
[WhiteClock "0:00:30"]
[BlackClock "0:00:00"]
[Board "186"]

1. e4 c5 2. Nf3 d6 3. d4 cxd4 4. Nxd4 Nf6 5. Nc3 a6 6. Bg5 e6 7. f4 h6 8. Bh4 Qb6 9. a3 Nbd7 10. Bf2 Qc7 11. Qe2 b5 12. O-O-O Bb7 13. g4 Be7 14. h4 Nb6 15. Rg1 Nc4 16. g5 hxg5 17. hxg5 Nd7 18. Ndxb5 axb5 19. Nxb5 Qa5 20. Qxc4 Rc8 21. Qe2 Rc6 22. g6 f6 23. Nd4 Rc8 24. Nxe6 Rg8 25. Qb5 Qxb5 26. Bxb5 Bxe4 27. Bd3 Bd5 28. Rge1 Bxe6 29. Rxe6 Nc5 30. Bxc5 Rxc5 31. Rde1 Rc7 32. Rxd6 Kf8 33. Ra6 1-0


[Site "https://www.chess.com"]

[Event "Titled Tuesday Blitz July 25 Early 2023"]
[White "Fernandez Bustamante, Leancy B."]
[Black "Molenda, Marcin"]
[WhiteFideId "3523870"]
[BlackFideId "1173065"]
[WhiteElo "2278"]
[BlackElo "2444"]
[Result "0-1"]
[Round "5"]
[TimeControl "180+2"]
[Date "2023.07.25"]
[WhiteClock "0:00:04"]
[BlackClock "0:00:12"]
[Board "187"]

1. e4 c5 2. Nf3 e6 3. c3 Nf6 4. e5 Nd5 5. d4 cxd4 6. cxd4 b6 7. Nc3 Bb7 8. Bd3 Nxc3 9. bxc3 Qc7 10. Bd2 d6 11. O-O Nd7 12. exd6 Bxd6 13. h3 O-O 14. Ng5 Nf6 15. Re1 h6 16. Nf3 Bf4 17. Ne5 Bxd2 18. Qxd2 Rac8 19. Rac1 Rfd8 20. Bb1 b5 21. Qd3 a6 22. Ng4 Qf4 23. Nxf6+ Qxf6 24. Qh7+ Kf8 25. a3 Ke7 26. Ba2 Qg5 27. g3 Rd5 28. h4 Qg4 29. Re4 Qf5 30. Qxf5 Rxf5 31. Re3 Bd5 32. Bb1 Rf3 33. Rxf3 Bxf3 34. Bd3 Bd5 35. Ra1 Bc4 36. Be4 Bb3 37. Rc1 Rc7 38. Kg2 Kd6 39. Kf3 Bd5 40. Ke3 Bxe4 41. Kxe4 Rc4 42. f4 Ra4 43. Ra1 a5 44. Kd3 b4 45. cxb4 axb4 46. Rb1 bxa3 47. Ra1 a2 48. Ke4 Ra3 49. f5 exf5+ 50. Kxf5 Kd5 51. g4 Rf3# 0-1


[Site "https://www.chess.com"]

[Event "Titled Tuesday Blitz July 25 Early 2023"]
[White "Samaganova, Aleksandra"]
[Black "Rakitic2010"]
[WhiteFideId "13800221"]
[WhiteElo "2269"]
[BlackElo "2444"]
[Result "0-1"]
[Round "5"]
[TimeControl "180+2"]
[Date "2023.07.25"]
[WhiteClock "0:00:08"]
[BlackClock "0:00:18"]
[Board "188"]

1. d4 c5 2. Nf3 cxd4 3. Nxd4 Nf6 4. c4 b6 5. Nc3 Bb7 6. Nf3 e6 7. Bg5 Be7 8. e3 O-O 9. Bd3 h6 10. Bh4 d6 11. O-O Nbd7 12. Bc2 Rc8 13. b3 d5 14. Nd2 a6 15. Ne2 Qc7 16. Bg3 Bd6 17. Rc1 Qb8 18. cxd5 Nxd5 19. Nc4 Bxg3 20. hxg3 Ne5 21. Nxe5 Qxe5 22. Qd4 Qxd4 23. Nxd4 Rc7 24. Bd3 Rfc8 25. Rc4 b5 26. Rxc7 Rxc7 27. Ne2 Nb4 28. Bb1 Rd7 29. Nd4 e5 30. Nf5 Rd2 31. g4 Kh7 32. Nd6+ g6 33. Nxb7 Nd5 34. Nc5 a5 35. Ne4 Rb2 36. Rd1 Nb4 37. Nf6+ Kg7 38. Nd7 a4 39. bxa4 bxa4 40. Nxe5 Kf6 41. Nc4 Re2 42. a3 Na2 43. Bd3 Nc3 44. Bxe2 Nxe2+ 45. Kf1 Nc3 46. Rd4 Nb5 47. Rf4+ Ke6 48. Nb6 Nxa3 49. Nxa4 Nb5 50. Nc5+ Ke7 51. Nd3 Nd6 52. Ra4 Kf8 53. Ke2 Nb5 54. Ne5 Nc3+ 55. Kd3 Nxa4 56. Nf3 Kg7 57. Kd4 Nb2 58. Kc3 Nd1+ 59. Kd4 Nxf2 60. Ne5 f6 61. Nd7 Nxg4 62. Ke4 f5+ 63. Kf4 Nf6 64. Ne5 Nd5+ 65. Kf3 Kf6 66. Nd3 g5 67. Nc5 g4+ 68. Kg3 Nxe3 69. Nd7+ Kg5 70. Ne5 f4+ 71. Kf2 Nd1+ 72. Kg1 h5 73. Nd3 Nc3 74. Ne5 Ne2+ 75. Kf2 Nd4 76. Nd3 Kf5 77. Nc5 h4 78. Kg1 g3 79. Nd3 Ke4 80. Ne1 Ke3 81. Kf1 Kd2 82. Nf3+ Nxf3 83. gxf3 h3 84. Kg1 Ke2 85. Kh1 Kxf3 86. Kg1 Kg4 87. Kh1 f3 88. Kg1 Kf4 89. Kh1 Ke3 90. Kg1 Ke2 91. Kh1 Ke1 92. Kg1 f2+ 93. Kh1 f1=Q# 0-1


[Site "https://www.chess.com"]

[Event "Titled Tuesday Blitz July 25 Early 2023"]
[White "Ai, Evan"]
[Black "Chemin, Justo Reinaldo"]
[WhiteFideId "2094770"]
[BlackFideId "2101580"]
[WhiteElo "2430"]
[BlackElo "2261"]
[Result "0-1"]
[Round "5"]
[TimeControl "180+2"]
[Date "2023.07.25"]
[WhiteClock "0:00:11"]
[BlackClock "0:00:12"]
[Board "189"]

1. e4 e6 2. d4 d5 3. Nd2 Nf6 4. e5 Nfd7 5. c3 c5 6. Bd3 Nc6 7. Ne2 cxd4 8. cxd4 f6 9. exf6 Nxf6 10. O-O Bd6 11. Nf3 O-O 12. Bf4 Bxf4 13. Nxf4 Qd6 14. g3 e5 15. dxe5 Nxe5 16. Nxe5 Qxe5 17. Qd2 Ne4 18. Bxe4 dxe4 19. Qd5+ Qxd5 20. Nxd5 Bg4 21. Rac1 Rad8 22. Ne3 Bf3 23. Rc2 Rd7 24. Rfc1 Rfd8 25. Kf1 h6 26. h4 b6 27. Ke1 Kf7 28. Rc7 Ke6 29. R1c6+ Ke7 30. Nd5+ Ke8 31. Rxd7 Rxd7 32. Rc8+ Kf7 33. Rc7 Ke6 34. Rxd7 Kxd7 35. Kd2 Kd6 36. Nc3 a6 37. Ke3 Ke5 38. a3 Bg2 39. Ne2 Bf3 40. Nd4 Bg2 41. Nc6+ Kd5 42. Nb4+ Kc4 43. Nxa6 Kb3 44. Nb4 Kxb2 45. Nd5 b5 46. Nc7 Bf1 47. Kxe4 Kxa3 48. Na6 Ka4 49. Kf5 Ka5 50. Nc5 b4 51. Kg6 Kb5 52. Nb3 Bc4 53. Nc1 Ka4 54. Kh7 Ka3 55. Kxg7 Kb2 56. Kxh6 Kxc1 57. g4 b3 58. g5 b2 59. g6 b1=Q 60. Kg7 Qf5 61. h5 Qxh5 62. Kf6 Qf3+ 63. Kg7 Qxf2 64. Kh7 Bd3 0-1


[Site "https://www.chess.com"]

[Event "Titled Tuesday Blitz July 25 Early 2023"]
[White "Doluhanova, Evgeniya"]
[Black "Zheenbekov, Nurgazy"]
[WhiteFideId "14112035"]
[BlackFideId "13800485"]
[WhiteElo "2258"]
[BlackElo "2427"]
[Result "0-1"]
[Round "5"]
[TimeControl "180+2"]
[Date "2023.07.25"]
[WhiteClock "0:00:09"]
[BlackClock "0:01:15"]
[Board "190"]

1. e4 c5 2. Nf3 d6 3. d4 cxd4 4. Nxd4 a6 5. c4 Nf6 6. Nc3 e5 7. Nc2 Nc6 8. Ne3 Be7 9. Be2 O-O 10. O-O Be6 11. a3 Rc8 12. b4 Nd4 13. Ned5 Bxd5 14. exd5 b5 15. Bd3 bxc4 16. Be2 Qb6 17. Be3 Nd7 18. Rc1 f5 19. Na4 Qa7 20. Bxc4 Bf6 21. Qd3 f4 22. Bxd4 exd4 23. Bxa6 Ne5 24. Qb5 Rxc1 25. Rxc1 f3 26. g3 d3 27. Qb6 Qf7 28. Qe3 Qh5 29. Bxd3 Bg5 30. Bxh7+ Kh8 31. Qe1 Bxc1 32. Qxc1 0-1


[Site "https://www.chess.com"]

[Event "Titled Tuesday Blitz July 25 Early 2023"]
[White "Bristy Mukherjee"]
[Black "Xavier_mompel"]
[WhiteFideId "25077325"]
[WhiteElo "2418"]
[BlackElo "2257"]
[Result "1/2-1/2"]
[Round "5"]
[TimeControl "180+2"]
[Date "2023.07.25"]
[WhiteClock "0:00:04"]
[BlackClock "0:00:04"]
[Board "191"]

1. c4 e5 2. Nc3 Nf6 3. b3 c6 4. Bb2 d5 5. cxd5 cxd5 6. Rc1 Nc6 7. Nf3 e4 8. Ng1 Be7 9. d3 exd3 10. Qxd3 O-O 11. Nf3 d4 12. Nb1 Bb4+ 13. Nbd2 Qa5 14. a3 Bxd2+ 15. Qxd2 Qxd2+ 16. Nxd2 Be6 17. g3 Bd5 18. Rg1 Rfe8 19. Kd1 Ne4 20. Nxe4 Bxb3+ 21. Kd2 Rxe4 22. Bg2 Re6 23. Bxc6 bxc6 24. Bxd4 a5 25. Rc3 a4 26. Rgc1 Rc8 27. Rc5 Rd6 28. Kc3 Rd5 29. e3 Rxc5+ 30. Bxc5 f6 31. Kb4 Rb8+ 32. Kc3 Rd8 33. Bd4 Kf7 34. Kb4 Rb8+ 35. Kc5 Ke6 36. Rc3 Kd7 37. Bxf6 gxf6 38. e4 Rb5+ 39. Kd4 Kd6 40. f4 Ke6 41. Rxc6+ Ke7 42. Rc7+ Kd6 43. Rxh7 Be6 44. Rh6 Ke7 45. Rh7+ Bf7 46. g4 Rb3 47. g5 fxg5 48. fxg5 Kf8 49. Rh6 Rxa3 50. Ra6 Ra1 51. g6 Bg8 52. h4 a3 53. h5 a2 54. h6 Rd1+ 55. Ke5 a1=Q+ 56. Rxa1 Rxa1 57. Kf6 Ra6+ 58. Kg5 Re6 59. Kf5 Ra6 60. e5 Ra4 61. Kf6 Ra6+ 62. Kf5 Be6+ 63. Kg5 Kg8 64. h7+ Kg7 65. Kh5 Bf5 66. h8=Q+ Kxh8 67. Kg5 Bxg6 68. Kh4 Kg7 69. Kg5 Re6 70. Kf4 Kf7 71. Kg5 Rxe5+ 72. Kh6 Ra5 1/2-1/2


[Site "https://www.chess.com"]

[Event "Titled Tuesday Blitz July 25 Early 2023"]
[White "Nugumanov, Bakhtiyar"]
[Black "Balla, Tamas-Kristof"]
[WhiteFideId "13701797"]
[BlackFideId "1208497"]
[WhiteElo "2252"]
[BlackElo "2413"]
[Result "0-1"]
[Round "5"]
[TimeControl "180+2"]
[Date "2023.07.25"]
[WhiteClock "0:02:10"]
[BlackClock "0:01:00"]
[Board "192"]

1. Nf3 c5 2. c4 Nc6 3. Nc3 g6 4. d4 cxd4 5. Nxd4 Bg7 6. e3 Nf6 7. g3 d5 8. Bg2 Nxd4 9. exd4 dxc4 10. Qa4+ Bd7 11. Qxc4 Rc8 12. Qb3 O-O 13. O-O b6 14. Bf4 Be6 15. d5 Bf5 16. Rad1 Nd7 17. Qb4 Nc5 18. d6 Nd3 19. dxe7 Nxb4 20. e8=Q Qxe8 0-1


[Site "https://www.chess.com"]

[Event "Titled Tuesday Blitz July 25 Early 2023"]
[White "Zacurdajev, Dmitry"]
[Black "Jahnz, Fabian"]
[WhiteFideId "4196309"]
[BlackFideId "4653300"]
[WhiteElo "2412"]
[BlackElo "2226"]
[Result "1-0"]
[Round "5"]
[TimeControl "180+2"]
[Date "2023.07.25"]
[WhiteClock "0:00:23"]
[BlackClock "0:00:15"]
[Board "193"]

1. d4 d5 2. c4 e6 3. Nc3 Nf6 4. Nf3 Nbd7 5. Bf4 Be7 6. e3 O-O 7. c5 c6 8. Bd3 b6 9. b4 Bb7 10. O-O a5 11. a3 h6 12. h3 Re8 13. Qe2 Bf8 14. Rfb1 axb4 15. axb4 b5 16. Nxb5 cxb5 17. Bxb5 Nb8 18. Bxe8 Qxe8 19. b5 Rxa1 20. Rxa1 Ne4 21. c6 g5 22. Bxb8 Qxb8 23. cxb7 Qxb7 24. Qb2 Bd6 25. Ne5 f6 26. Nd3 h5 27. Nc5 Qc8 28. Nxe4 dxe4 29. b6 Kg7 30. b7 Qc7 31. Ra8 Qc6 32. b8=Q Bxb8 33. Rxb8 g4 34. Qb7+ 1-0


[Site "https://www.chess.com"]

[Event "Titled Tuesday Blitz July 25 Early 2023"]
[White "Rios Escobar, Adan"]
[Black "Kuchava, Ana"]
[WhiteFideId "3403645"]
[BlackFideId "13605348"]
[WhiteElo "2408"]
[BlackElo "2222"]
[Result "1-0"]
[Round "5"]
[TimeControl "180+2"]
[Date "2023.07.25"]
[WhiteClock "0:00:21"]
[BlackClock "0:00:16"]
[Board "194"]

1. d4 d5 2. g3 Nf6 3. Nf3 Bf5 4. c4 c6 5. Nc3 e6 6. Nh4 Be4 7. f3 Bg6 8. Nxg6 hxg6 9. Qb3 Qb6 10. c5 Qxb3 11. axb3 Nbd7 12. b4 a6 13. b5 cxb5 14. Nxb5 O-O-O 15. Nc3 Nb8 16. e3 Nc6 17. Be2 e5 18. dxe5 Nxe5 19. b4 d4 20. Na4 d3 21. Bd1 Nc4 22. Bd2 Nd5 23. Bb3 Ndxe3 24. Nb6+ Nxb6 25. Bxe3 Nd5 26. Bd2 Re8+ 27. Kf1 Ne3+ 28. Kf2 Nf5 29. Bf4 Re2+ 30. Kf1 Rhxh2 31. Rxh2 Rxh2 32. Kg1 Rb2 33. Bxf7 g5 34. Be5 Ne3 35. Bxb2 d2 36. Bb3 Be7 37. Kf2 1-0


[Site "https://www.chess.com"]